 Dungeon Crawl Stone Soup version 0.30-a0-125-g51eefa89be (webtiles) character file.

Game seed: 4378290706854043861

1608 bande the Cleaver (level 8, -4/70 HPs)
             Began as a Hill Orc Fighter on Sept 19, 2022.
             Was a Follower of Beogh.
             Slain by Joseph
             ... wielding a +0 spectral quarterstaff
              (16 damage)
             ... on level 7 of the Dungeon.
             The game lasted 00:09:11 (7326 turns).

bande the Cleaver (Hill Orc Fighter)                Turns: 7326, Time: 00:09:12

Health: -4/70      AC: 15    Str: 19    XL:     8   Next: 95%
Magic:  12/12      EV:  5    Int:  8    God:    Beogh [*.....]
Gold:   298        SH:  6    Dex: 18    Spells: 7/7 levels left

rFire   . . .      SeeInvis .    a - +0 war axe
rCold   . . .      Faith    .    c - +0 buckler
rNeg    . . .      Spirit   .    t - +0 plate armour
rPois   +          Reflect  .    j - +1 helmet
rElec   .          Harm     .    (no cloak)
rCorr   .          Rampage  .    (no gloves)
Will    .....                    (no boots)
Stlth   ..........               (no amulet)
HPRegen 0.21/turn                w - ring of poison resistance
MPRegen 0.13/turn                v - +6 ring of dexterity

@: no status effects
A: no striking features
a: Renounce Religion


You were on level 7 of the Dungeon.
You worshipped Beogh.
Beogh was aware of your devotion.
You visited 1 branch of the dungeon, and saw 7 of its levels.

You collected 298 gold pieces.

Inventory:

Hand Weapons
 a - a +0 war axe (weapon)
 i - a +2 flail of protection
Missiles
 r - a throwing net (quivered)
Armour
 c - a +0 buckler (worn)
 j - a +1 helmet (worn)
 t - a +0 plate armour (worn)
Jewellery
 h - a ring of wizardry
 s - a ring of see invisible
 v - a +6 ring of dexterity (right hand)
 w - a ring of poison resistance (left hand)
Scrolls
 b - 2 scrolls of amnesia
 k - 3 scrolls of teleportation
 l - a scroll of summoning
 n - a scroll of enchant armour
Potions
 d - 2 potions of might
 e - 2 potions of invisibility
 f - 2 potions of brilliance
 g - 2 potions of haste
 m - 2 potions of resistance
 o - 3 potions of cancellation
 p - 4 potions of curing
 q - a potion of flight
 u - a potion of mutation {unknown}


   Skills:
 + Level 5.8 Fighting
 + Level 9.5 Axes
 + Level 6.4 Armour
 + Level 4.9 Shields
 * Level 5.4 Invocations


You had 7 spell levels left.
You didn't know any spells.
Your spell library contained the following spells:

 Spells                   Type           Power      Damage    Failure   Level
 Beastly Appendage        Tmut           0%         N/A       100%        1
 Slow                     Hex            0%         N/A       100%        1
 Summon Small Mammal      Summ           0%         N/A       100%        1
 Wereblood                Tmut           0%         N/A       100%        2
 Call Canine Familiar     Summ           0%         N/A       100%        3
 Confusing Touch          Hex            0%         N/A       100%        3
 Dazzling Flash           Conj/Hex       0%         N/A       100%        3
 Spider Form              Tmut/Pois      0%         N/A       100%        3
 Summon Guardian Golem    Hex/Summ       0%         N/A       100%        3
 Vampiric Draining        Necr           0%         2d6       100%        3
 Agony                    Necr           0%         N/A       100%        5
 Silence                  Hex/Air        0%         N/A       100%        5


Dungeon Overview and Level Annotations

Branches:
Dungeon (7/15)             Temple (0/1) D:5

Altars:
Ashenzari
Makhleb
Ru
Vehumet
Wu Jian
Xom
The Shining One

Shops:
D:4 :

Annotations:
D:7 Joseph


Message History

Joseph hits you but does no damage.
You hit Joseph but do no damage.
Joseph is lightly wounded.
Joseph hits you with a +0 spectral quarterstaff.
You closely miss Joseph.
Joseph is lightly wounded.
Joseph hits you with a +0 spectral quarterstaff!
You hit Joseph.
Joseph is lightly wounded.
Joseph hits you but does no damage.
You slash Joseph!
Joseph is lightly wounded.
You block Joseph's attack.
You hit Joseph but do no damage.
Joseph is lightly wounded.
Joseph hits you with a +0 spectral quarterstaff.
You hit Joseph.
Joseph is moderately wounded.
Joseph hits you with a +0 spectral quarterstaff.
Unknown command.
You completely miss Joseph.
Joseph is moderately wounded.
Joseph hits you with a +0 spectral quarterstaff!
You barely miss Joseph.
Joseph is moderately wounded.
You block Joseph's attack.
Unknown command.
You barely miss Joseph.
Joseph is moderately wounded.
Joseph hits you with a +0 spectral quarterstaff!
* * * LOW HITPOINT WARNING * * *
You closely miss Joseph.
Joseph is moderately wounded.
Joseph hits you but does no damage.
Joseph hits you with a +0 spectral quarterstaff.
* * * LOW HITPOINT WARNING * * *
You slash Joseph!
Joseph is moderately wounded.
Joseph hits you with a +0 spectral quarterstaff!
You die...

#### #...
####...####
#.........####
#......@.....# ..
+>.....@# .
#...#+#.# #. ... #.#
#.####.# #.#
#......#####.#
#..#...#.....#
####......##.####
.......<.....####
...#.##............#


You could see Joseph.

Vanquished Creatures
  A steam dragon (D:6)
  Menkaure (D:4)
  An orc warrior (D:6)
  An ice beast (D:5)
  3 black bears
  An ogre (D:5)
  A phantom (D:5)
  2 necrophages (D:5)
  A scorpion (D:5)
  A howler monkey (D:6)
  A hound (D:5)
  3 jellies
  A gnoll bouda (D:5)
  4 orc wizards
  2 iguanas
  Robin (D:2)
  3 gnolls (D:5)
  4 adders
  4 ufetubi
  4 dart slugs
  19 orcs
  4 ball pythons
  11 endoplasms
  5 giant cockroaches
  12 goblins
  12 hobgoblins
  3 jackals (D:2)
  5 quokkas
  6 bats
  5 frilled lizards
  4 kobolds
  4 rats
130 creatures vanquished.

Notes
Turn   | Place    | Note
-------+----------+-------------------------------------------
     0 | D:1      | bande the Hill Orc Fighter began the quest for the Orb.
     0 | D:1      | Reached XP level 1. HP: 19/19 MP: 1/1
   447 | D:1      | Reached skill level 3 in Axes
   447 | D:1      | Reached XP level 2. HP: 27/27 MP: 2/2
   564 | D:1      | Found a faded altar of an unknown god.
  1291 | D:2      | Reached XP level 3. HP: 25/33 MP: 3/3
  1486 | D:2      | Noticed Robin
  1504 | D:2      | Killed Robin
  1505 | D:2      | Reached skill level 4 in Axes
  1505 | D:2      | Reached XP level 4. HP: 15/40 MP: 4/4
  2664 | D:3      | Found a sacrificial altar of Ru.
  2676 | D:3      | Reached XP level 5. HP: 33/46 MP: 5/5
  2982 | D:3      | Found a broken altar of Ashenzari.
  3040 | D:3      | Reached skill level 5 in Axes
  3113 | D:3      | Became a worshipper of Beogh the Brigand
  3705 | D:4      | Reached skill level 1 in Invocations
  4088 | D:4      | Noticed a black bear
  4100 | D:4      | Killed a black bear
  4101 | D:4      | Reached XP level 6. HP: 32/53 MP: 5/7
  4402 | D:4      | Found Sunakass's Book Emporium.
  4404 | D:4      | Noticed Menkaure
  4413 | D:4      | Killed Menkaure
  4414 | D:4      | Reached skill level 6 in Axes
  4414 | D:4      | Reached skill level 5 in Armour
  4899 | D:4      | Found a radiant altar of Vehumet.
  5037 | D:5      | Entered Level 5 of the Dungeon
  5133 | D:5      | Reached XP level 7. HP: 49/60 MP: 8/8
  5212 | D:5      | Found a staircase to the Ecumenical Temple.
  5285 | D:5      | Reached skill level 5 in Fighting
  5285 | D:5      | Reached skill level 7 in Axes
  5309 | D:5      | Reached XP level 8. HP: 29/68 MP: 10/10
  5666 | D:5      | Reached skill level 8 in Axes
  5746 | D:5      | Found a burning altar of Makhleb.
  5799 | D:5      | Reached * piety under Beogh
  6281 | D:6      | Found a shimmering altar of Xom.
  6322 | D:6      | Found an ornate altar of the Wu Jian Council.
  6339 | D:6      | Reached skill level 9 in Axes
  6698 | D:6      | Reached skill level 5 in Invocations
  6992 | D:6      | Found a glowing golden altar of the Shining One.
  7303 | D:7      | Noticed Joseph
  7326 | D:7      | Slain by Joseph

Illustrated notes

Levels and vault maps discovered:
D:1:      doesnt_arrival_eight_statues, layout_loops_ring,
          shapermc_ecumenical_altar_notcrosses
D:2:      layout_basic, uniq_robin
D:3:      layout_loops_cross, nicolae_overflow_crystal_walls,
          nicolae_ru_great_annihilating_truth, st_stairs_4
D:4:      layout_basic, nicolae_overflow_hidden_temple, serial_shops, shop,
          small_statue_intersection, serial_bayou_pond_e, uniq_menkaure
D:5:      minmay_skewed_foursquare, layout_rooms, makhleb_heckhound_becter,
          temple_fountains
D:6:      layout_gridville, tso_altar, marbit_many_paths,
          nicolae_wu_jian_wuxing_cycle
D:7:      layout_basic, fedhas_ov_isle_minmay, lightli_temple_of_fire,
          gammafunk_ghost_necromancy, serial_shops, nicolae_shop_statue_plus,
          shop, uniq_joseph, uniq_prince_ribbit1

Skill      XL: |  1  2  3  4  5  6  7  8 |
---------------+-------------------------+-----
Axes           | 3 4 5 6 7 9 |  9.5
Fighting       | 4 5 |  5.8
Armour         | 4 5 6 |  6.4
Invocations    | 1 2 3 5 |  5.4
Shields        | 4 |  4.9

Action                   |  1- 3 |  4- 6 |  7- 9 || total
-------------------------+-------+-------+-------++-------
Melee: War axe           |    90 |   170 |   159 ||   419
Invok: Convert to Beogh  |       |     1 |       ||     1
  Use: Scroll            |       |    13 |     4 ||    17
       Potion            |       |     1 |       ||     1
 Stab: Paralysed         |       |     1 |       ||     1
Armor: Chain mail        |    68 |   143 |    76 ||   287
       Scale mail        |     2 |       |       ||     2
       Plate armour      |       |       |    38 ||    38
Dodge: Dodged            |    25 |    74 |    56 ||   155
Block: Buckler           |    30 |    43 |    42 ||   115

Table legend: (Time is in decaauts)
 A = Elapsed time spent in this place.
 B = Non-inter-level travel time spent in this place.
 C = Inter-level travel time spent in this place.
 D = Time resting spent in this place.
 E = Time spent auto-exploring this place.
 F = Levels seen in this place.
 G = Mean time per level.
                   A        B        C        D        E       F      G
               +--------+--------+--------+--------+--------+-----+--------+
         Total |   7427 |   7227 |    200 |   1603 |   4578 |   7 | 1061.0 |
       Dungeon |   7427 |   7227 |    200 |   1603 |   4578 |   7 | 1061.0 |
               +--------+--------+--------+--------+--------+-----+--------+

Top non-repeatable levels by time:
     D:4: 1630 daAuts
     D:2: 1470 daAuts
     D:6: 1274 daAuts
     D:1: 1054 daAuts
     D:5: 988 daAuts
     D:3: 962 daAuts
     D:7: 46 daAuts
